 Dungeon Crawl Stone Soup version 0.22-a0-147-gfdd7f25 (webtiles) character file.

105 SnubMonkey the Slasher (level 4, -2/35 HPs)
             Began as a Demonspawn Berserker on Feb 6, 2018.
             Was a Believer of Trog.
             Slain by a gnoll
             ... wielding a +0 flail
              (10 damage)
             ... on level 2 of the Dungeon.
             The game lasted 00:03:49 (1585 turns).

SnubMonkey the Slasher (Demonspawn Berserker)       Turns: 1585, Time: 00:03:50

Health: -2/35      AC:  2    Str: 18    XL:     4   Next: 54%
Magic:  4/4        EV: 12    Int:  9    God:    Trog [**....]
Gold:   109        SH:  0    Dex: 12    Spells: 3/3 levels left

rFire    . . .     SeeInvis .   a - +0 falchion
rCold    + . .     Gourm    .   (no shield)
rNeg     . . .     Faith    .   b - +0 animal skin
rPois    .         Spirit   .   (helmet restricted)
rElec    .         Reflect  .   (no cloak)
rCorr    .         Harm     .   (no gloves)
MR       ++...                  (no boots)
Stlth    +.........             (no amulet)
HPRegen  1.11/turn              (no ring)
MPRegen  0.09/turn              (no ring)

@: berserk cooldown, regenerating, slowed, very slow
A: horns 1, cold resistance 1
a: Berserk, Trog's Hand, Burn Spellbooks, Renounce Religion


You were on level 2 of the Dungeon.
You worshipped Trog.
Trog was pleased with you.
You were near starving.

You visited 1 branch of the dungeon, and saw 3 of its levels.

You collected 109 gold pieces.

Inventory:

Hand Weapons
 a - a +0 falchion (weapon)
Armour
 b - a +0 animal skin (worn)
 m - a +0 ring mail
Jewellery
 e - an uncursed amulet of guardian spirit {unknown}
Scrolls
 g - a scroll of fear {unknown}
 h - a scroll of identify
 j - a scroll of teleportation {unknown}
Potions
 d - a potion of berserk rage {unknown}
 f - 2 potions of degeneration
 i - a potion of flight {unknown}
 k - a potion of might {unknown}
 l - 2 potions of brilliance
 o - a potion of invisibility {unknown}
Comestibles
 c - 8 rations
 n - 6 chunks of flesh


   Skills:
 - Level 3.0 Fighting
 + Level 4.9 Long Blades
 - Level 1.7 Armour
 - Level 1.7 Dodging


You had 3 spell levels left.
You didn't know any spells.

Dungeon Overview and Level Annotations

Branches:
Dungeon (3/15)

Altars:
Hepliaklqana
Kikubaaqudgha
Xom


Innate Abilities, Weirdness & Mutations

You have a pair of small horns on your head.
Your flesh is cold resistant. (rC+)


Message History

* * * LOW HITPOINT WARNING * * *
The gnoll closely misses you. The gnoll barely misses you.
The gnoll closely misses you. The gnoll barely misses you.
The gnoll barely misses you.
There is a stone staircase leading up here.
The gnoll closely misses you. The gnoll barely misses you.
You riposte.
You closely miss the gnoll. The gnoll barely misses you.
You climb upwards.
There is a stone staircase leading down here.
Okay, then.
Your skin crawls.
You feel resistant to hostile enchantments.
You feel somewhat more hungry.
You are near starving!
The gnoll closely misses you.
You riposte.
You closely miss the gnoll. The gnoll barely misses you.
You hit the gnoll but do no damage. The gnoll hits you with a flail!
You die...

#..#P.....#.#.##.....# #.#
#..P......รท.#.##..#..# #.#
...#....P.P.#.....#..# #.#
##.P......#.#.....#..# #.#
...##.#P##P.#.....#..# #.#
#...........#........# #.#
#.######..........(#.# #.#
...###.#.######.g#.#.# #.#
.......#.#......@#.#.# #.#
..####.#.#.#######.#.#####.#
..####.#.#.#######.........##
.........#.##...........)...#
.#####.........#.##.........#
..# #.#########.##.........#
..# #.#......##+##.........#
..# ###..........#.........#
..# #<...................#


You could see a gnoll.

Vanquished Creatures
  An orc wizard (D:3)
  2 gnolls (D:3)
  An adder (D:2)
  2 worms (D:2)
  2 dart slugs (D:1)
  4 orcs (D:3)
  7 bats
  3 giant cockroaches
  3 goblins
  4 hobgoblins
  3 frilled lizards
  5 kobolds
  3 rats (D:1)
40 creatures vanquished.

Notes
Turn   | Place    | Note
-------+----------+-------------------------------------------
     0 | D:1      | SnubMonkey the Demonspawn Berserker began the quest for the Orb.
     0 | D:1      | Reached XP level 1. HP: 18/18 MP: 1/1
    76 | D:1      | Reached skill level 3 in Long Blades
   104 | D:1      | Gained mutation: Your flesh is cold resistant. (rC+) [demonic ancestry]
   104 | D:1      | Reached XP level 2. HP: 23/24 MP: 2/2
   747 | D:2      | Reached XP level 3. HP: 14/29 MP: 3/3
  1002 | D:2      | Found an ancient bone altar of Kikubaaqudgha.
  1003 | D:2      | Found a shimmering altar of Xom.
  1087 | D:2      | Found a hazy altar of Hepliaklqana.
  1131 | D:2      | Found a faded altar of an unknown god.
  1135 | D:2      | Reached skill level 4 in Long Blades
  1165 | D:2      | Reached ** piety under Trog
  1561 | D:3      | Gained mutation: You have a pair of small horns on your head. [demonic ancestry]
  1561 | D:3      | Reached XP level 4. HP: 35/35 MP: 4/4
  1585 | D:2      | Slain by a gnoll

Vault maps used:
D:1:      doesnt_arrival_eight_statues, nrook_mini_vaults
D:2:      cheibrodos_old_hovel, grunt_temple_overflow_open,
          chequers_ecumenical_altar_simple_redux
D:3:      nicolae_ru_awakened_eye, uniq_ijyb

Skill      XL: |  1  2  3 |
---------------+----------+-----
Long Blades    | 3 4 |  4.9
Fighting       | |  3.0
Armour         | |  1.7
Dodging        | |  1.7

Action                   |  1- 3 |  4- 6 || total
-------------------------+-------+-------++-------
Melee: Falchion          |    93 |     7 ||   100
       Headbutt          |       |     1 ||     1
Invok: Berserk           |     2 |       ||     2
       Trog's Hand       |       |     1 ||     1
  Use: Scroll            |     2 |       ||     2
 Stab: Sleeping          |     1 |       ||     1
  Eat: Chunk             |     3 |       ||     3
Armor: Animal skin       |     9 |       ||     9
Dodge: Dodged            |    68 |    18 ||    86
       Rpst.: Falchion   |    24 |     2 ||    26

Table legend:
 A = Spawn XP
 B = Non-spawn XP
 C = Spawn XP percentage of total XP
 D = Spawn monster count
 E = Non-spawn monster count
 F = Spawn count percentage of total count
 G = Total turns spent on level
                    A         B        C        D         E        F      G
               +---------+---------+-------+---------+---------+-------+---------
         Total |       0 |     151 |   0.0 |       0 |      40 |   0.0 |  1585
               +---------+---------+-------+---------+---------+-------+---------
           D:1 |       0 |      34 |   0.0 |       0 |      19 |   0.0 |   739
           D:2 |       0 |      37 |   0.0 |       0 |      11 |   0.0 |   749
           D:3 |       0 |      80 |   0.0 |       0 |      10 |   0.0 |    97
               +---------+---------+-------+---------+---------+-------+---------
